 Dungeon Sprint DCSS version 0.19.1-1-g22dce08 (webtiles) character file.

0 DaddyBuck the Skirmisher (level 2, 0/25 HPs)
             Began as a Demonspawn Fighter on Jan 1, 2017.
             Slain by a phantom (5 damage)
             ... in the Dungeon (Sprint VI: "Thunderdome").
             The game lasted 00:02:05 (44 turns).

DaddyBuck the Skirmisher (Demonspawn Fighter)         Turns: 44, Time: 00:02:07

Health: 0/25       AC:  6    Str: 16    XL:     2   Next: 96%
Magic:  2/2        EV:  8    Int:  9    God:
Gold:   200        SH:  9    Dex: 12    Spells: 0 memorised, 1 level left

rFire  . . .     SeeInvis .     a - +0 long sword
rCold  . . .     Gourm    .     b - +0 scale mail
rNeg   . . .     Faith    .     c - +0 shield
rPois  .         Spirit   .     (no helmet)
rElec  .         Reflect  .     (no cloak)
rCorr  .         Harm     .     (no gloves)
MR     .....     NoTele   +     (no boots)
Stlth  ..........               (no amulet)
                                (no ring)
                                (no ring)

@: no status effects
A: demonic guardian 1
a: no special abilities


You were in the Dungeon.
You were not hungry.

You visited 1 branch You collected 200 gold pieces.

Inventory:

Hand Weapons
 a - a +0 long sword (weapon)
Armour
 b - a +0 scale mail (worn)
 c - a +0 shield (worn)
Wands
 l - a wand of acid (5/15)
 m - a wand of iceblast (5/15)
Scrolls
 k - 4 scrolls of blinking
 n - 3 scrolls of fog
Potions
 d - a potion of might
 e - a potion of curing
 g - 4 potions of heal wounds
 h - 4 potions of haste
 i - 2 potions of magic
 j - a potion of berserk rage
 o - a potion of resistance
Comestibles
 f - a bread ration


   Skills:
 + Level 4.0 Fighting
 + Level 2.9 Long Blades
 + Level 3.5 Armour
 + Level 2.1 Dodging
 + Level 3.6 Shields


You had one spell level left.
You didn't know any spells.

Dungeon Overview and Level Annotations

Branches:
Dungeon (1/1)

Altars:
Dithmenos
Gozag
Kikubaaqudgha
Okawaru
Qazlal
Ru
Trog
Vehumet
Yredelemnul
The Shining One
Beogh
Lugonu

Shops:
D ??:(!!!!


Innate Abilities, Weirdness & Mutations

A weak demonic guardian rushes to your aid.


Message History

* * * LOW HITPOINT WARNING * * *
Your quasit bites the phantom but does no damage.
Your quasit claws the phantom but does no damage. x2
You are too injured to fight recklessly!
You are too injured to fight recklessly!
You are too injured to fight recklessly!
You barely miss the phantom.
The phantom is lightly damaged.
The phantom barely misses you.
Your quasit bites the phantom.
Your quasit barely misses the phantom.
Your quasit closely misses the phantom.
The phantom barely misses you.
You riposte.
You closely miss the phantom.
The phantom is lightly damaged.
You closely miss the phantom.
The phantom is lightly damaged.
Your quasit barely misses the phantom.
Your quasit closely misses the phantom.
Your quasit claws the phantom but does no damage.
Your quasit closely misses the phantom.
Your quasit claws the phantom but does no damage. x2
The phantom hits you.
You die...

#..... ##.....##
#∩.....∩##
#∩.......∩#
#_......._#
#_......._#
#_.....W..#
###.....5.@.###
#⌠...........⌠#
#.8.........8.######
......###...%).___∩##
...8. #.8........∩#
...###............
#...###.........
#.<.# #.........
#...###.........


You could see a phantom and a friendly quasit.

Vanquished Creatures
  Jessica (D)
  A leopard gecko (D)
2 creatures vanquished.

Notes
Turn   | Place    | Note
-------+----------+-------------------------------------------
     0 | D        | DaddyBuck the Demonspawn Fighter began the quest for the Orb.
     0 | D        | Reached XP level 1. HP: 18/18 MP: 1/1
     2 | D        | Found a glowing golden altar of the Shining One.
     2 | D        | Found a sacrificial altar of Ru.
     3 | D        | Found an iron altar of Okawaru.
     4 | D        | Found a shadowy altar of Dithmenos.
     4 | D        | Found an opulent altar of Gozag.
     5 | D        | Found Uguffekk's Do-It-Yourself Clinic.
     5 | D        | Found a corrupted altar of Lugonu.
     5 | D        | Found a basalt altar of Yredelemnul.
     5 | D        | Found Lumisouf's Distillery.
     5 | D        | Round 1.
     6 | D        | Found Kaul's Bottled Wisdom.
     6 | D        | Found Segiet's Distillery.
    11 | D        | Found a bloodstained altar of Trog.
    12 | D        | Found an ancient bone altar of Kikubaaqudgha.
    14 | D        | Found Quhu's Staff Store.
    25 | D        | Noticed Jessica
    26 | D        | Found a roughly hewn altar of Beogh.
    26 | D        | Found a stormy altar of Qazlal.
    26 | D        | Found a radiant altar of Vehumet.
    26 | D        | Found Komug's Magic Scroll Shop.
    26 | D        | Noticed a phantom
    37 | D        | Killed Jessica
    37 | D        | Reached skill level 4 in Fighting
    37 | D        | Gained mutation: A weak demonic guardian rushes to your aid. [demonic ancestry]
    37 | D        | Reached XP level 2. HP: 9/25 MP: 2/2
    39 | D        | Found Kaoskil's Must-Have Magic.
    39 | D        | Found Bievos's Magic Scroll Shop.
    44 | D        | Slain by a phantom

Skill      XL: |  1 |
---------------+----+-----
Long Blades    | 2 |  2.9
Fighting       | 4 |  4.0
Armour         | 3 |  3.5
Dodging        | 2 |  2.1
Shields        | 3 |  3.6

Action                   || total
-------------------------++-------
Melee: Long sword        ||    14
Armor: Scale mail        ||     6
Dodge: Dodged            ||     6
Block: Shield            ||     3
       Rpst.: Long sword ||     2
